AoeStats
← mathdevils

Black Forest

510433267Analyzed
4v4 RM · 1d ago on Oct 1, 2026· 53m 2s· 8 players
Game mode
Random Map
Map size
Large (8 player)
Population
200
Speed
Normal
Resources
Standard
Victory
Conquest
Starting age
Dark Age
Ending age
Imperial Age
RankedLock teamsTeams togetherTeam positionsShared explorationLock speedFull tech treeHidden civsTurbo modeCheats
Victory
Defeat
🇨🇦 Lithuanians · Canada
913
+15
🇲🇽 Varangians · Mexico
854
+18
🇨🇦 Bohemians · Canada
826
+19
🇨🇦 Franks · Canada
810
+20
🇲🇽 Romans · Mexico
979
-21
🇲🇽 Burgundians · Mexico
963
-21
🇨🇱 Koreans · Chile
901
-18
🇺🇸 Spanish · United States
736
-12
mathdevils
0:30 Loom
12:45 Feudal Age
13:58 Double-Bit Axe
20:22 Castle Age
30:26 Bow Saw
30:11 Gold Mining
30:11 Stone Mining
30:42 Husbandry
33:33 Gold Shaft Mining
33:42 Caravan
34:16 Coinage
35:21 Squires
34:41 Pikeman
38:15 Imperial Age
36:25 Wheelbarrow
35:36 Town Watch
37:29 Ordonnance Companies
39:43 Cavalier
42:04 Banking
42:13 Halberdier
43:23 Onager
44:38 Paladin
47:20 Chemistry
49:51 Conscription
Mono de Guayaba
6:13 Loom
15:31 Feudal Age
17:38 Double-Bit Axe
19:55 Castle Age
19:40 Horse Collar
19:52 Gold Mining
20:42 Wheelbarrow
20:41 Husbandry
20:52 Bloodlines
20:04 Light Cavalry
21:51 Bow Saw
21:43 Heavy Plow
24:21 Scale Barding Armor
27:11 Chain Barding Armor
29:02 Forging
30:31 Iron Casting
34:13 Hand Cart
39:38 Scale Mail Armor
44:03 Imperial Age
42:01 Vendel Legacy
43:01 Chain Mail Armor
43:42 Caravan
43:53 Arson
44:09 Squires
43:54 Gambesons
44:12 Cavalier
44:12 Hussar
45:31 Plate Barding Armor
45:56 Blast Furnace
44:19 Elite Varangian Guard
44:21 Gothikon
47:38 Herbal Medicine
48:16 Plate Mail Armor
stephane9343
12:28 Feudal Age
20:29 Castle Age
18:28 Double-Bit Axe
18:26 Horse Collar
28:03 Heavy Plow
29:01 Gold Mining
35:02 Imperial Age
33:04 Bow Saw
33:32 Town Watch
34:23 Wheelbarrow
36:13 Crop Rotation
35:37 Elite Leitis
37:06 Scale Barding Armor
37:12 Forging
38:13 Chemistry
37:26 Fortified Wall
39:47 Two-Man Saw
39:54 Conscription
41:32 Light Cavalry
42:23 Bloodlines
42:14 Husbandry
42:40 Chain Barding Armor
42:56 Iron Casting
43:18 Winged Hussar
48:03 Plate Barding Armor
mouche Qc
12:17 Feudal Age
12:58 Double-Bit Axe
19:22 Castle Age
20:51 Bow Saw
24:52 Horse Collar
27:41 Heavy Plow
30:24 Imperial Age
29:33 Wheelbarrow
30:01 Chemistry
29:53 Ballistics
32:45 Two-Man Saw
32:04 Hand Cart
31:43 Town Watch
34:38 Siege Engineers
34:43 Caravan
34:50 Houfnice
35:48 Elite Hussite Wagon
37:43 Pikeman
38:23 Squires
42:16 Forging
42:06 Scale Mail Armor
44:09 Halberdier
HighEnd_Ent
1:17 Loom
13:08 Feudal Age
14:57 Wheelbarrow
14:55 Town Watch
20:41 Castle Age
18:48 Double-Bit Axe
19:29 Fletching
19:51 Horse Collar
28:38 Hand Cart
28:25 Town Patrol
30:32 Bodkin Arrow
30:49 Forging
30:44 Scale Barding Armor
31:30 Pikeman
38:23 Murder Holes
39:20 Bow Saw
Pikapork
0:44 Loom
13:56 Feudal Age
12:15 Double-Bit Axe
16:06 Stone Mining
18:33 Castle Age
16:41 Gold Mining
17:02 Horse Collar
20:15 Heavy Plow
25:20 Gold Shaft Mining
25:21 Stone Shaft Mining
27:17 Bow Saw
28:08 Crop Rotation
36:31 Imperial Age
34:54 Wheelbarrow
36:39 Hand Cart
41:41 Chemistry
41:03 Ballistics
40:55 Fortified Wall
40:25 Treadmill Crane
40:41 Murder Holes
41:21 Padded Archer Armor
41:12 Fletching
41:47 Conscription
41:33 Burgundian Vineyards
42:49 Pikeman
43:29 Squires
43:14 Arson
iiggzz
1:03 Loom
12:43 Feudal Age
13:54 Double-Bit Axe
14:15 Horse Collar
16:54 Castle Age
15:28 Gold Mining
18:36 Bow Saw
18:36 Heavy Plow
22:29 Wheelbarrow
30:28 Imperial Age
28:22 Stone Mining
29:11 Gold Shaft Mining
28:58 Hand Cart
29:04 Ballistas
29:22 Ballistics
29:13 Masonry
30:30 Bloodlines
30:27 Scale Barding Armor
30:32 Forging
30:13 Fletching
32:45 Conscription
31:48 Heavy Scorpion
33:35 Husbandry
32:58 Cavalier
35:31 Chemistry
36:56 Bodkin Arrow
37:02 Padded Archer Armor
37:24 Chain Barding Armor
38:55 Light Cavalry
40:30 Capped Ram
41:29 Man-at-Arms
42:10 Squires
42:13 Scale Mail Armor
42:49 Plate Barding Armor
42:50 Iron Casting
42:28 Siege Ram
44:51 Onager
45:56 Siege Engineers
48:36 Fortified Wall
48:57 Architecture
50:16 Blast Furnace
49:32 Leather Archer Armor
49:33 Chain Mail Armor
Bakumian
11:38 Feudal Age
12:27 Double-Bit Axe
16:22 Stone Mining
20:13 Castle Age
19:18 Horse Collar
19:34 Stone Mining
19:35 Gold Mining
22:13 Bow Saw
25:38 Wheelbarrow
25:53 Gold Shaft Mining
28:55 Scale Barding Armor
29:15 Hand Cart
28:47 Loom
33:49 Imperial Age
34:08 Chain Barding Armor
33:41 Fletching
34:01 Forging
36:12 Chemistry
35:33 Ballistics
35:24 Masonry
35:12 Elite War Wagon
36:17 Bodkin Arrow
36:59 Iron Casting
38:40 Murder Holes
39:18 Bracer
45:31 Shinkichon
Connection lost

Rejoining the realm…

Still unreachable

The connection could not be restored.

Session expired

The server has moved on; the page needs a fresh start.